cohdb
Replays
Latest Replays
All Replays
Popular Replays
Top Player Replays
Match Explorer
How It Works
Community
CoH3 Stats
Reddit
Sign in to upload your games and track your stats! →
Sign in with Steam
Match 46636676
Unlisted
Match 46636676
Overview
Messages
Build Orders
End
Pioneer Squad
Construct Infanterie Kompanie
Selects Mechanized Battlegroup
Grenadier Squad
MG 42 Machine Gun Team
Grenadier Squad
Grenadier Squad
Construct Luftwaffe Kompanie
Medical Station
Flak 30 Anti-aircraft Gun Team
Selects Raid Package
Selects 8 Rad Armored Car
8 Rad Armored Car
Jäger Squad
8 Rad Armored Car
Oziligath
_
0
0
Comments
sign in to comment!
No comments posted yet!